 Dungeon Crawl Stone Soup version 0.22-a0-469-gf26638a (webtiles) character file.

184625 Mgcat the Executioner (level 17, -11/156 HPs)
             Began as a Minotaur Berserker on June 11, 2018.
             Was a High Priest of Trog.
             Killed from afar by Nikola (33 damage)
             ... with a chain lightning
             ... on level 2 of the Spider Nest on June 12, 2018.
             The game lasted 01:24:29 (31720 turns).

Mgcat the Executioner (Minotaur Berserker)         Turns: 31720, Time: 01:24:31

Health: -11/156    AC: 17    Str: 35    XL:     17   Next: 39%
Magic:  0/26       EV: 17    Int:  4    God:    Trog [*****.]
Gold:   2117       SH:  0    Dex: 12    Spells: 16/16 levels left

rFire    + . .     SeeInvis .   a - +9 war axe of Buezoop {venom, +Rage}
rCold    . . .     Gourm    .   (no shield)
rNeg     . . .     Faith    +   Q - +1 fire dragon scales
rPois    +         Spirit   +   (helmet restricted)
rElec    .         Reflect  .   B - scarf {Spirit}
rCorr    .         Harm     .   O - +2 pair of gloves {Str+3}
MR       +++..                  (no boots)
Stlth    ..........             M - amulet of faith {Faith, !P}
HPRegen  1.36/turn              R - ring "Debuiplo" {Ice Str+8 Int-3}
MPRegen  0.20/turn              G - ring of poison resistance {rPois, !d}

@: regenerating
A: retaliatory headbutt, horns 2
}: 1/15 runes: decaying
a: Berserk, Trog's Hand, Brothers in Arms, Renounce Religion, Evoke Berserk Rage


You were on level 2 of the Spider Nest.
You worshipped Trog.
Trog was extremely pleased with you.
You were full.

You visited 5 branches of the dungeon, and saw 29 of its levels.
You visited the Abyss 2 times.
You also visited: Labyrinth, Sewer, Bailey and Ice Cave.

You collected 3483 gold pieces.
You spent 1366 gold pieces at shops.

Inventory:

Hand Weapons
 a - the +9 war axe of Buezoop (weapon) {venom, +Rage}
   (You found it on level 9 of the Dungeon)

   It poisons the flesh of those it strikes.
   It lets you go berserk.
 b - a +8 executioner's axe of flaming
   (Trog gifted it to you on level 1 of the Lair of Beasts)
 q - a +5 executioner's axe of chopping
   (Trog gifted it to you on level 13 of the Dungeon)
Missiles
 D - 8 throwing nets {=f, !d}
Armour
 B - a scarf of spirit shield (worn)
   (You bought it in a shop on level 1 of the Orcish Mines)
 O - a +2 pair of gloves of strength (worn)
   (You bought it in a shop on level 2 of the Orcish Mines)
 Q - +1 fire dragon scales (worn)
   (You found it on level 15 of the Dungeon)
Jewellery
 k - an uncursed ring of protection from cold {rC+, !d}
   (You found it on level 1 of the Lair of Beasts)
 p - a +2 ring of protection
   (You found it on level 2 of the Dungeon)
 v - an uncursed ring of see invisible {sInv, !d}
   (You found it on level 12 of the Dungeon)
 G - a ring of poison resistance (right hand) {rPois, !d}
   (You found it on level 3 of the Lair of Beasts)
 J - an uncursed ring of positive energy {rN+}
   (You found it in a labyrinth)
 M - an amulet of faith (around neck) {Faith, !P}
   (You found it on level 6 of the Lair of Beasts)
 R - the ring "Debuiplo" (left hand) {Ice Str+8 Int-3}
   (You found it in an ice cave)

   [ring of ice]

   It enhances your ice magic.
   It affects your strength (+8).
   It affects your intelligence (-3).
   It makes you vulnerable to fire.
   It protects you from cold.
Wands
 s - a wand of clouds (6)
   (You found it on level 12 of the Dungeon)
 w - a wand of scattershot (9)
   (You took it off a tengu conjurer on level 15 of the Dungeon)
 x - a wand of polymorph (76)
   (You found it on level 4 of the Dungeon)
 y - a wand of enslavement (3)
   (You found it on level 7 of the Dungeon)
 z - a wand of flame (11)
   (You took it off Ijyb on level 5 of the Dungeon)
 E - a wand of iceblast (20)
   (You found it on level 4 of the Lair of Beasts)
 F - a wand of acid (9)
   (You found it on level 4 of the Lair of Beasts)
 H - a wand of disintegration (18)
   (You found it on level 9 of the Dungeon)
 T - a wand of digging (11)
   (You found it in an ice cave)
 U - a wand of paralysis (11)
   (You found it in an ice cave)
Scrolls
 d - 6 scrolls of fog
 h - a scroll of silence
 l - a scroll of fear
 n - 3 scrolls of magic mapping {!r}
 o - 15 scrolls of teleportation
 I - 8 scrolls of remove curse
 K - 4 scrolls of identify
 P - a scroll of holy word {!r}
Potions
 e - 3 potions of mutation {!q}
 f - 3 potions of ambrosia
 g - 7 potions of heal wounds
 i - 5 potions of flight
 j - a potion of invisibility
 m - 11 potions of lignification {!q}
 r - 3 potions of agility
 t - 8 potions of curing
 A - 5 potions of haste
 C - 2 potions of cancellation
 X - 2 potions of might
Miscellaneous
 u - 2 sacks of spiders
 L - a fan of gales
   (You found it on level 4 of the Swamp)
 N - a phantom mirror
 W - a lightning rod (4/4)
   (You found it in a bailey)
Comestibles
 c - 28 rations
 S - 6 chunks of flesh {@w0}


   Skills:
 + Level 15.0 Fighting
 + Level 22.2 Axes
 + Level 13.0 Armour
 + Level 12.1 Dodging
   Level 4.0 Shields
 + Level 13.3 Evocations


You had 16 spell levels left.
You didn't know any spells.
Your spell library was empty.

Dungeon Overview and Level Annotations

Branches:
Dungeon (15/15)              Lair (6/6) D:11          Swamp (4/4) Lair:2
 Spider (2/4) Lair:2        Slime (0/5) Lair:6          Orc (2/2) D:11
    Elf (0/3) Orc:2        Vaults (0/5) D:14         Depths (0/5) D:15
 Temple: D:4-7

Altars:
Ashenzari
Cheibriados
Elyvilon
Hepliaklqana
Kikubaaqudgha
Nemelex Xobeh
Qazlal
Ru
Wu Jian
Jiyva

Shops:
D:11 ?   D:12 %   Orc:1 [   Orc:2 (*%[:

Annotations:
D:7 2 transporters
D:14 exclusion: Roxanne, Roxanne
Lair:1 exclusion: oklob plant
Spider:2 Nikola


Innate Abilities, Weirdness & Mutations

You reflexively headbutt those who attack you in melee.
You have a pair of horns on your head.


Message History

You are caught in a web!
You are caught in a web!
You struggle to detach yourself from the web.
The jumping spider barely misses you. The jumping spider bites you.
You are caught in a web!
You struggle to detach yourself from the web.
The jumping spider pounces on you but does no damage.
The jumping spider bites you. The jumping spider closely misses you.
The jumping spider bites you but does no damage.
You are caught in a web!
The web tears apart.
The jumping spider leaps!
No target in view!
No target in view!
No target in view!
No target in view!
The jumping spider leaps!
The jumping spider is too close now for your liking.
The jumping spider pounces on you. The jumping spider bites you.
The jumping spider completely misses you.
You furiously retaliate!
You headbutt the jumping spider!! The jumping spider closely misses you.
You hit the jumping spider.
The jumping spider is poisoned.
You headbutt the jumping spider.
The jumping spider is severely wounded.
The jumping spider pounces on you. The jumping spider bites you.
You closely miss the jumping spider.
The jumping spider is almost dead.
The jumping spider closely misses you.
The jumping spider completely misses you.
You slice the jumping spider!!
You kill the jumping spider!
Trog accepts your kill.
No target in view!
No target in view!
No target in view!
c - 28 rations (gained 1)
You see here a jumping spider corpse.
Found an escape hatch in the ceiling.
An entropy weaver comes into view.
The entropy weaver twitches its antennae in your direction.
You hear a shout!
The entropy weaver moves out of view.
Things that are here:
a runed long sword; 27 gold pieces An entropy weaver is nearby!
Nikola the Mad Inventor comes into view.
He is wielding a rapier of electrocution.
Nikola shouts!
The entropy weaver hits you but does no damage.
The entropy weaver misses you. The entropy weaver hits you.
The entropy weaver barely misses you.
Nikola yells, "Danger!
Danger!
High voltage!"
The entropy weaver hits you but does no damage. x2
The entropy weaver barely misses you. The entropy weaver hits you.
Nikola moves out of view.
There is an escape hatch in the ceiling, spattered with blood here.
You slash the entropy weaver!
The entropy weaver is poisoned.
You headbutt the entropy weaver.
The entropy weaver is moderately wounded.
You slice the entropy weaver!!
The entropy weaver looks as sick as possible!
You headbutt the entropy weaver!
The entropy weaver is almost dead.
The entropy weaver hits you! The entropy weaver hits you. x2
The entropy weaver hits you but does no damage.
Nikola mumbles some strange words.
You hear a mighty clap of thunder!
The lightning arc hits the entropy weaver.
The entropy weaver dies!
The lightning arc hits you!
The lightning arc hits Nikola.
The lightning arc hits you!
The lightning arc hits Nikola.
The lightning arc hits you!
You hear an angry hiss. x2
Your skin crawls.
You feel resistant to hostile enchantments.
You feel somewhat less full.
Your troll goes berserk!
You feel quite a bit less full.
Nikola casts a spell.
You hear a mighty clap of thunder!
The lightning arc hits you!
The lightning arc hits Nikola.
The lightning arc hits you!
* * * LOW HITPOINT WARNING * * *
The lightning arc hits your troll. The lightning arc hits you!
* * * LOW HITPOINT WARNING * * *
You hear an angry buzzing noise.
You hear an angry hiss. x2
Okay, then.
You feel much better.
Your troll rages.
You feel much better.
Nikola mumbles some strange words.
You hear a mighty clap of thunder!
The lightning arc hits your troll. The lightning arc hits you!
* * * LOW HITPOINT WARNING * * *
The lightning arc hits your troll.
Your troll dies!
Your troll's corpse disappears in a puff of smoke!
The lightning arc hits you!
* * * LOW HITPOINT WARNING * * *
The lightning arc hits Nikola.
The lightning arc hits you!
You die...

#^....##..#^#####
##..### ....#.#.#
#..##.# ##..#...####
#..#..###.......#.^#
#..#..##..........#
.^.....#####.†...(#
.............^#...#
##............#.).#
....#..###....##@.#
...##.†..#...##.†§.#
^<##.....###.#.....#
..#....#.# #####.@.#
..###..### .....
....##.# #.##..
#....### ### ...
#...<..# ..##
#.#...##


You could see Nikola.

Vanquished Creatures
  A lich (Abyss:3)
  A tentacled starspawn (Abyss:3)
  A thorn hunter (Swamp:4)
  A frost giant (IceCv)
  Nessos (Orc:2)
  A starcursed mass (Abyss:1)
  A minotaur (Lab)
  Josephine (D:11)
  A fire dragon (D:15)
  An ice dragon (Lair:4)
  Fannar (Lair:1)
  A ghost crab (Swamp:2)
  27 hydras
  5 vault guards (D:14)
  8 alligators
  8 two-headed ogres
  2 death yaks (IceCv)
  2 tengu warriors (D:14)
  4 orc high priests (Orc:2)
  2 wretched stars (Abyss:3)
  2 spriggans (Swamp:4)
  A death drake (shapeshifter) (D:15)
  A glowing orange brain (Abyss:3)
  4 wizards
  2 spriggan druids (Swamp:4)
  11 swamp dragons
  4 deep elf magi
  4 orc knights
  3 orc sorcerers
  An orb spider (Spider:1)
  7 wolf spiders
  26 ugly things
  A worldbinder (Abyss:1)
  A manticore (D:14)
  2 cyclopes (D:15)
  3 black mambas
  An ice statue (IceCv)
  9 elephants
  4 gargoyles
  29 spiny frogs
  An orange demon (Abyss:3)
  Psyche (D:11)
  2 smoke demons (Abyss:3)
  2 torpor snails
  A minotaur zombie (Lab)
  2 rime drakes
  A centaur skeleton (D:15)
  A kobold demonologist (D:15)
  A yaktaur (D:14)
  2 efreet
  4 demonic crawlers
  3 tengu conjurers
  8 komodo dragons
  6 jumping spiders
  A jumping spider (shapeshifter) (D:15)
  12 tyrant leeches
  21 polar bears
  10 trolls
  Prince Ribbit (D:6)
  6 bog bodies
  5 hornets
  8 dream sheep
  A raiju (Abyss:3)
  8 slime creatures
  Grinder (D:6)
  2 large abominations (Abyss:3)
  37 blink frogs
  A meliai zombie (D:10)
  7 hippogriffs
  A centaur simulacrum (D:14)
  A spriggan (shapeshifter) (D:14)
  3 ynoxinuls (Abyss:3)
  A flying skull (Abyss:3)
  8 wraiths
  30 redbacks
  2 shadows
  A vampire (D:12)
  70 yaks
  3 basilisks
  9 tarantellas
  Grum (D:11)
  A human (D:14)
  A chaos spawn (Abyss:3)
  5 hungry ghosts
  22 vampire mosquitoes
  4 insubstantial wisps (Swamp:4)
  3 wargs
  13 swamp worms
  6 porcupines
  Duvessa (D:6)
  14 water moccasins
  4 sky beasts
  3 ice beasts
  18 orc warriors
  A black bear (D:7)
  An eye of draining (D:9)
  3 boggarts (D:15)
  18 swamp drakes
  3 phantoms
  A black bear (shapeshifter) (D:15)
  12 ogres
  A necrophage (D:5)
  31 wolves
  3 centaurs
  5 crocodiles
  Blork the orc (D:6)
  7 big kobolds
  18 bullfrogs
  10 gnoll sergeants
  A wyvern zombie (D:12)
  Dowan (D:6)
  2 small abominations
  4 scorpions
  A water moccasin skeleton (D:4)
  6 killer bees (D:7)
  5 wights (D:7)
  A howler monkey (D:8)
  2 lava snakes (D:9)
  6 crimson imps
  3 centaur zombies
  8 hounds
  2 jellies
  6 gnoll shamans (Bailey)
  26 orc priests
  31 orc wizards
  2 bullfrog skeletons
  3 bullfrog zombies
  2 iron imps (Abyss:3)
  Ijyb (D:5)
  5 iguanas
  6 hell rats (Lair:2)
  11 worker ants
  A hound skeleton (D:8)
  24 gnolls
  14 adders
  4 river rats (Sewer)
  2 shadow imps
  16 white imps
  6 oozes
  4 worms
  A dart slug (D:3)
  8 leopard geckos
  86 orcs
  9 giant cockroaches
  3 goblins
  7 hobgoblins
  6 jackals
  7 quokkas
  4 ball pythons
  7 bats
  3 frilled lizards
  19 kobolds
  3 quokka skeletons
  A quokka zombie (D:9)
  13 rats
  3 fungi
  4 plants (Lair:6)
  3 toadstools (D:1)
1075 creatures vanquished.

Vanquished Creatures (collateral kills)
  A hydra (Lair:1)
  A spriggan druid (Swamp:4)
  2 spiny frogs (Lair:6)
  A blink frog (Lair:6)
  A yak (Lair:2)
  A bullfrog (Lair:6)
7 creatures vanquished.

Vanquished Creatures (others)
  An entropy weaver (Spider:2)
  A large abomination (Abyss:3)
  A tyrant leech (Swamp:4)
  A bush (Lair:6)
  19 fungi
  41 plants (Lair:6)
  7 starspawn tentacles
  A toadstool (D:1)
72 creatures vanquished.

Grand Total: 1154 creatures vanquished

Notes
Turn   | Place    | Note
-------+----------+-------------------------------------------
     0 | D:1      | Mgcat the Minotaur Berserker began the quest for the Orb.
     0 | D:1      | Reached XP level 1. HP: 19/19 MP: 0/0
   170 | D:1      | Reached skill level 4 in Axes
   281 | D:1      | Reached XP level 2. HP: 25/26 MP: 1/1
   638 | D:1      | Reached skill level 5 in Axes
  1035 | D:2      | Reached XP level 3. HP: 29/31 MP: 2/2
  1246 | D:2      | Reached ** piety under Trog
  1517 | D:3      | Reached XP level 4. HP: 39/39 MP: 3/3
  1528 | D:3      | Reached skill level 6 in Axes
  1556 | D:3      | Found a shattered altar of Ashenzari.
  1764 | D:3      | Reached skill level 7 in Axes
  1764 | D:3      | Reached XP level 5. HP: 45/45 MP: 4/4
  2252 | D:4      | Found a white marble altar of Elyvilon.
  2320 | D:4      | Reached skill level 8 in Axes
  2322 | D:4      | Reached *** piety under Trog
  2381 | D:4      | Noticed a phantom
  2396 | D:4      | Killed a phantom
  2396 | D:4      | Reached XP level 6. HP: 51/51 MP: 5/5
  2414 | D:4      | Reached skill level 9 in Axes
  2524 | D:4      | Found an ancient bone altar of Kikubaaqudgha.
  2578 | D:4      | Reached XP level 7. HP: 51/57 MP: 6/6
  2689 | D:4      | Reached skill level 10 in Axes
  3010 | D:5      | Entered Level 5 of the Dungeon
  3239 | D:5      | Noticed Ijyb
  3249 | D:5      | Killed Ijyb
  3266 | D:5      | Reached skill level 11 in Axes
  3324 | D:5      | Reached XP level 8. HP: 64/64 MP: 7/7
  3378 | D:5      | Reached skill level 12 in Axes
  3899 | D:6      | Noticed Duvessa
  3900 | D:6      | Noticed Prince Ribbit
  3901 | D:6      | Noticed Dowan
  3906 | D:6      | Killed Duvessa
  3912 | D:6      | Killed Dowan
  3915 | D:6      | Killed Prince Ribbit
  3915 | D:6      | Reached skill level 13 in Axes
  3917 | D:6      | Noticed Grinder
  3926 | D:6      | Killed Grinder
  4010 | D:6      | Reached XP level 9. HP: 65/70 MP: 8/8
  4015 | D:6      | Found a glowing drain.
  4021 | D:6      | Reached **** piety under Trog
  4026 | Sewer    | Entered a sewer
  4176 | Sewer    | Reached skill level 14 in Axes
  4263 | Sewer    | Reached skill level 4 in Fighting
  4390 | Sewer    | HP: 17/71 [poisoned by a kobold]
  4395 | Sewer    | HP: 15/71 [poisoned by a kobold]
  4401 | Sewer    | HP: 13/71 [poisoned by a kobold]
  4407 | Sewer    | HP: 12/71 [poisoned by a kobold]
  4415 | Sewer    | HP: 12/71 [poisoned by a kobold]
  4784 | Sewer    | Reached skill level 5 in Fighting
  4828 | Sewer    | Reached skill level 3 in Armour
  5085 | D:6      | Found a hazy altar of Hepliaklqana.
  5100 | D:6      | Noticed Blork the orc
  5106 | D:6      | Killed Blork the orc
  5151 | D:6      | Reached skill level 4 in Armour
  5248 | D:6      | Found a sparkling altar of Nemelex Xobeh.
  5487 | D:7      | Found a transporter.
  5487 | D:7      | Found a transporter.
  5490 | D:7      | Noticed a cyclops
  5490 | D:7      | Noticed a freezing wraith
  5491 | D:7      | Noticed a gargoyle
  5503 | D:7      | Reached skill level 5 in Armour
  5519 | D:7      | Found an ornate altar of the Wu Jian Council.
  5676 | D:7      | Reached skill level 3 in Dodging
  5704 | D:7      | Reached skill level 4 in Dodging
  5784 | D:7      | Reached skill level 5 in Dodging
  5894 | D:7      | Reached ***** piety under Trog
  6096 | D:7      | Found a stormy altar of Qazlal.
  6393 | D:8      | Reached XP level 10. HP: 38/81 MP: 9/9
  6533 | D:8      | Reached skill level 15 in Axes
  7073 | D:8      | Noticed a two-headed ogre
  7080 | D:8      | Killed a two-headed ogre
  7264 | D:9      | Noticed a two-headed ogre
  7273 | D:9      | Killed a two-headed ogre
  7273 | D:9      | Reached skill level 16 in Axes
  7396 | D:9      | Received a gift from Trog
  7438 | D:9      | HP: 20/81 [troll (10)]
  7790 | D:9      | Reached skill level 17 in Axes
  8074 | D:9      | Got a twisted war axe
  8480 | D:10     | Entered Level 10 of the Dungeon
  8510 | D:10     | Found a flagged portal.
  8629 | Bailey   | Entered a bailey
  8697 | Bailey   | Reached XP level 11. HP: 85/88 MP: 10/10
  9492 | D:10     | Identified the +9 war axe of Buezoop {venom, +Rage} (You found it on level 9 of the Dungeon)
  9654 | D:11     | Noticed Psyche
  9657 | D:11     | Cast into level 1 of the Abyss (Psyche)
  9722 | Abyss:1  | Noticed a thrashing horror
  9732 | Abyss:1  | Noticed a large abomination
  9818 | Abyss:1  | Reached skill level 18 in Axes
  9837 | Abyss:1  | Noticed a profane servitor
  9839 | Abyss:1  | Noticed a hellephant
  9884 | Abyss:1  | Noticed a thrashing horror
 10022 | Abyss:1  | Noticed a starcursed mass
 10033 | Abyss:1  | Killed a starcursed mass
 10057 | Abyss:1  | Noticed a tentacled starspawn
 10089 | D:11     | Escaped the Abyss
 10092 | D:11     | Killed Psyche
 10224 | D:11     | Found a sacrificial altar of Ru.
 10355 | D:11     | Noticed Josephine
 10362 | D:11     | Killed Josephine
 10362 | D:11     | Reached skill level 19 in Axes
 10568 | D:11     | Received a gift from Trog
 10734 | D:11     | Found Taricsic's Magic Scroll Shoppe.
 10746 | D:11     | Bought a scroll of enchant armour for 105 gold pieces
 10746 | D:11     | Bought a scroll of brand weapon for 280 gold pieces
 10746 | D:11     | Bought a scroll of blinking for 105 gold pieces
 10765 | D:11     | Reached skill level 20 in Axes
 10899 | D:11     | Reached skill level 6 in Fighting
 10899 | D:11     | Reached XP level 12. HP: 96/96 MP: 11/11
 10909 | D:11     | Noticed Grum
 10910 | D:11     | Noticed a two-headed ogre
 10924 | D:11     | Killed a two-headed ogre
 10924 | D:11     | Reached skill level 7 in Fighting
 10925 | D:11     | Killed Grum
 10927 | D:11     | Found a staircase to the Lair.
 11076 | D:11     | Found a staircase to the Orcish Mines.
 11171 | Lair:1   | Entered Level 1 of the Lair of Beasts
 11188 | Lair:1   | Noticed Fannar
 11202 | Lair:1   | Killed Fannar
 11202 | Lair:1   | Reached skill level 8 in Fighting
 11409 | Lair:1   | Reached skill level 9 in Fighting
 11412 | Lair:1   | Received a gift from Trog
 11548 | Lair:1   | Noticed an eight-headed hydra
 11556 | Lair:1   | Killed a nine-headed hydra
 11556 | Lair:1   | Reached skill level 10 in Fighting
 11606 | Lair:1   | Reached skill level 1 in Evocations
 12150 | Lair:2   | Found a hole to the Spider Nest.
 12170 | Lair:2   | Reached skill level 2 in Evocations
 12173 | Lair:2   | Reached skill level 3 in Evocations
 12178 | Lair:2   | Reached skill level 4 in Evocations
 12262 | Lair:2   | Reached skill level 5 in Evocations
 12295 | Lair:2   | Noticed an eight-headed hydra
 12307 | Lair:2   | Killed an 11-headed hydra
 12307 | Lair:2   | Reached skill level 6 in Evocations
 12815 | Lair:2   | Found a staircase to the Swamp.
 12828 | Lair:2   | Reached skill level 7 in Evocations
 13287 | Lair:3   | Reached XP level 13. HP: 93/113 MP: 17/17
 13445 | Lair:3   | Reached skill level 8 in Evocations
 14142 | Lair:4   | Reached skill level 9 in Evocations
 14275 | Lair:4   | Received a gift from Trog
 14792 | Lair:4   | Reached skill level 10 in Evocations
 15581 | Lair:6   | Entered Level 6 of the Lair of Beasts
 15624 | Lair:6   | Reached skill level 6 in Armour
 15747 | Lair:6   | Reached skill level 6 in Dodging
 15877 | Lair:6   | HP: 28/114 [spiny frog (15)]
 15882 | Lair:6   | HP: 21/171 [poisoned by a spiny frog]
 15887 | Lair:6   | HP: 26/114 [tyrant leech (13)]
 15893 | Lair:6   | HP: 25/114 [poisoned by a spiny frog]
 15899 | Lair:6   | HP: 24/114 [poisoned by a spiny frog]
 15905 | Lair:6   | HP: 25/115 [poisoned by a spiny frog]
 16169 | Lair:6   | Reached XP level 14. HP: 122/122 MP: 20/20
 16321 | Lair:6   | Reached skill level 11 in Fighting
 16408 | Lair:6   | Reached skill level 7 in Armour
 16422 | Lair:6   | Received a gift from Trog
 16666 | Lair:6   | Reached skill level 7 in Dodging
 17005 | Lair:6   | Identified Wut Tihaf's Volume of Mutagenic Enchantment
 17042 | Lair:6   | Reached skill level 11 in Evocations
 17430 | Lair:6   | Reached skill level 8 in Armour
 17447 | Lair:6   | Found a staircase to the Slime Pits.
 17447 | Lair:6   | Found a viscous altar of Jiyva.
 17778 | Orc:1    | Entered Level 1 of the Orcish Mines
 17802 | Orc:1    | Found Sunen's Antique Armour Emporium.
 17813 | Orc:1    | Received a gift from Trog
 17830 | Orc:1    | Bought a runed scarf for 272 gold pieces
 17840 | Orc:1    | Bought a slimy chain mail for 323 gold pieces
 17850 | Orc:1    | Identified the +1 chain mail of Death Resistance {Regen+ rCorr Dex+4 Stlth-} (You bought it in a shop on level 1 of the Orcish Mines)
 18397 | Orc:2    | Entered Level 2 of the Orcish Mines
 18408 | Orc:2    | HP: 28/124 [orc warrior/long sword[an orc knight] (15)]
 18409 | Orc:2    | HP: 12/124 [orc warrior/dire flail[an orc knight] (4)]
 18790 | Orc:2    | Found a staircase to the Elven Halls.
 19183 | Orc:2    | Found Siejeng Hixe's Book Boutique.
 19226 | Orc:2    | Noticed Nessos
 19237 | Orc:2    | Killed Nessos
 19237 | Orc:2    | Reached skill level 8 in Dodging
 19244 | Orc:2    | Reached ****** piety under Trog
 19254 | Orc:2    | Received a gift from Trog
 19262 | Orc:2    | Reached skill level 12 in Fighting
 19267 | Orc:2    | HP: 31/126 [orc warrior/flail (8)]
 19809 | Orc:2    | Found Moippal's Weapon Emporium.
 19809 | Orc:2    | Found Seora's Armour Shoppe.
 19809 | Orc:2    | Found Ahaqanes's General Store.
 19829 | Orc:2    | Found Xorameog's Food Shoppe.
 19833 | Orc:2    | Bought a scroll of enchant armour for 97 gold pieces
 19834 | Orc:2    | Bought a +0 pair of gloves of strength for 184 gold pieces
 20001 | D:12     | Found Rextet's Food Boutique.
 20139 | D:12     | Reached skill level 9 in Armour
 20161 | D:12     | Found a labyrinth entrance.
 20166 | Lab      | Entered a labyrinth
 20615 | Lab      | Identified the Tome of Stones
 20616 | Lab      | Got a crude ivory ring
 20618 | Lab      | Identified the ring "Kulo" {rC+ Dex+2} (You found it in a labyrinth)
 20641 | D:12     | Identified Meamn's Tome of Axaxaxas mlö
 21235 | D:13     | Received a gift from Trog
 21246 | D:13     | Reached XP level 15. HP: 122/133 MP: 18/22
 21881 | D:14     | Found a snail-covered altar of Cheibriados.
 22001 | D:14     | Reached skill level 9 in Dodging
 22154 | D:14     | Reached skill level 21 in Axes
 22365 | D:14     | Cast into level 3 of the Abyss (a wizard)
 22365 | Abyss:3  | Found a corrupted altar of Lugonu.
 22433 | Abyss:3  | Found a corrupted altar of Lugonu.
 22524 | Abyss:3  | Noticed a lich
 22524 | Abyss:3  | Noticed a tentacled starspawn
 22536 | Abyss:3  | Killed a tentacled starspawn
 22536 | Abyss:3  | Reached skill level 1 in Shields
 22542 | Abyss:3  | Killed a lich
 22549 | Abyss:3  | Reached skill level 10 in Armour
 22569 | Abyss:3  | Reached skill level 2 in Shields
 22690 | Abyss:3  | Received a gift from Trog
 22779 | D:14     | Escaped the Abyss
 22867 | D:14     | Reached skill level 3 in Shields
 23192 | D:14     | Noticed Roxanne
 23274 | D:14     | Found a gate to the Vaults.
 23284 | D:14     | Reached skill level 13 in Fighting
 23360 | D:15     | Entered Level 15 of the Dungeon
 23445 | D:15     | Found a frozen archway.
 23470 | IceCv    | Entered an ice cave
 23491 | IceCv    | Reached skill level 12 in Evocations
 23620 | IceCv    | Received a gift from Trog
 23633 | IceCv    | Reached skill level 4 in Shields
 23990 | IceCv    | Noticed a frost giant
 24006 | IceCv    | Reached skill level 10 in Dodging
 24011 | IceCv    | Killed a frost giant
 24151 | IceCv    | Got a slimy lead ring
 24281 | IceCv    | Identified the ring "Debuiplo" {Ice Str+8 Int-3} (You found it in an ice cave)
 24764 | D:15     | Reached skill level 11 in Armour
 24767 | D:15     | Reached XP level 16. HP: 144/144 MP: 20/24
 24780 | D:15     | Received a gift from Trog
 25272 | D:15     | Received a gift from Trog
 25292 | D:15     | Found a staircase to the Depths.
 25324 | D:15     | HP: 36/144 [poison (dark miasma)]
 25330 | D:15     | HP: 35/144 [poison (dark miasma)]
 25336 | D:15     | HP: 36/144 [poison (dark miasma)]
 25344 | D:15     | HP: 36/144 [poison (dark miasma)]
 25947 | Swamp:1  | Entered Level 1 of the Swamp
 27083 | Swamp:2  | Reached skill level 14 in Fighting
 27086 | Swamp:2  | HP: 31/146 [tyrant leech (15)]
 27651 | Swamp:2  | Received a gift from Trog
 27651 | Swamp:2  | Reached skill level 11 in Dodging
 28476 | Swamp:3  | Reached skill level 12 in Armour
 29131 | Swamp:4  | Entered Level 4 of the Swamp
 29131 | Swamp:4  | Noticed a thorn hunter
 29139 | Swamp:4  | Killed a thorn hunter
 29388 | Swamp:4  | Received a gift from Trog
 29487 | Swamp:4  | Reached skill level 13 in Evocations
 29497 | Swamp:4  | HP: 34/147 [seven-headed hydra (4)]
 29501 | Swamp:4  | HP: 7/147 [seven-headed hydra (14)]
 29943 | Swamp:4  | Reached skill level 22 in Axes
 30025 | Swamp:4  | Reached XP level 17. HP: 149/154 MP: 23/25
 30670 | Swamp:4  | Received a gift from Trog
 30743 | Swamp:4  | Got a decaying rune of Zot
 30887 | Spider:1 | Entered Level 1 of the Spider Nest
 31118 | Spider:1 | Received a gift from Trog
 31176 | Spider:1 | Reached skill level 12 in Dodging
 31615 | Spider:2 | Reached skill level 15 in Fighting
 31618 | Spider:2 | Reached skill level 13 in Armour
 31714 | Spider:2 | Noticed Nikola
 31718 | Spider:2 | HP: 17/156 [Nikola/chain lightning (24)]
 31720 | Spider:2 | Killed from afar by Nikola

Vault maps used:
D:1:      ldierk_water_garden
D:2:      lemuel_another_geyser
D:3:      ashenzari_conservatory_becter, mrwooster_statue_mirror,
          palyth_stone_intersect
D:4:      old_standard_altar, kiku_gazebo_pond_becter,
          minmay_temple_entry_from_below_b, first_ration
D:5:      grunt_ministairs_8, uniq_ijyb
D:6:      lemuel_doored_altar, kennysheep_mini_moat, gup_sewer_entry_pipe,
          uniq_blork_the_orc, uniq_duvessa, uniq_prince_ribbit1, uniq_grinder
D:7:      old_standard_altar, gammafunk_temple_overflow_arena
D:9:      grunt_ogre_cave, minivault_24, disabler_island
D:10:     enter_bailey_2
D:11:     lair_entry_dummy, hiddenorc1_lemuel, serial_shops, shop,
          nicolae_ru_awakened_eye, uniq_josephine, uniq_grum, uniq_psyche
D:12:     serial_shops, shop, lab_entry_generic, bh_hangedman_babel_library
D:14:     grunt_vaults_entry_fortified, cheibriados_altar_1, uniq_roxanne
D:15:     gammafunk_enter_depths_forms, portal_ice_cave_entry_imps,
          minmay_misc_feat_four_crosses, columned_hall_lemuel
Lair:1:   minmay_lair_oklob_chamber, grunt_megastairs_4, uniq_fannar
Lair:2:   minmay_swamp_entry_worms, spider_nest_entry_web_field,
          patterned_corridor
Lair:3:   serial_bayou_shore_a
Lair:4:   bobbens_ice_dragon_lair
Lair:6:   minmay_lair_end_frog_pond, slime_altar_1, lemuel_fruit_fields,
          infiniplex_staircase_pool_2, serial_bayou_shore_b
Swamp:1:  evilmike_swamp_ruin_house_5, grunt_witch_cave
Swamp:2:  serial_swamp_ruin, evilmike_swamp_ruin_rubble_1,
          evilmike_swamp_ruin_house_2, evilmike_swamp_ruin_house_3
Swamp:3:  nicolae_swamp_round_clearing
Swamp:4:  swamp, swamp_pool5, hangedman_swamp_ruin_wall, nicolae_swamp_treefoil
Spider:2: uniq_nikola
Orc:1:    serial_shops, shop_fountains
Orc:2:    st_orc_mages, serial_shops, shop, uniq_nessos
Abyss:3:  evilmike_abyss_exit_mutagenic
Lab:      labyrinth_hidden_loot, labyrinth_skeletal_remains,
          nicolae_lab_do_over, lab_block, nicolae_lab_diamond, lab_fountain,
          nicolae_lab_checkerboard, nicolae_lab_arrow, nicolae_lab_starburst
Sewer:    sewer_co_tree
Bailey:   bailey_polearm_gnolls_kennysheep, bailey
IceCv:    ice_cave_caverns_01

Skill      XL: |  1  2  3  4  5  6  7  8  9 10 11 12 13 14 15 16 17 |
---------------+----------------------------------------------------+-----
Axes           | 4 5 7 8 9 11 13 14 17 20 21 22 | 22.2
Fighting       | 5 6 10 12 13 14 15 | 15.0
Armour         | 5 6 9 11 12 13 | 13.0
Dodging        | 5 6 8 10 11 12 | 12.1
Evocations     | 7 10 11 12 13 | 13.3
Shields        | 4 |  4.0

Action                   |  1- 3 |  4- 6 |  7- 9 | 10-12 | 13-15 | 16-18 || total
-------------------------+-------+-------+-------+-------+-------+-------++-------
Melee: Hand axe          |    77 |    33 |       |       |       |       ||   110
       Headbutt          |    12 |    13 |    70 |   136 |   261 |   143 ||   635
       War axe           |       |    78 |   423 |   602 |  1062 |   254 ||  2419
       Executioner's axe |       |       |       |       |    89 |   273 ||   362
Invok: Berserk           |       |     2 |     5 |    18 |    15 |     5 ||    45
       Trog's Hand       |       |       |     2 |     6 |    15 |     7 ||    30
       Brothers in Arms  |       |       |       |     3 |     2 |     2 ||     7
Evoke: Wand              |       |       |       |     4 |     4 |     2 ||    10
  Use: Scroll            |       |       |    17 |     8 |    34 |     8 ||    67
       Potion            |       |       |       |     1 |     4 |     6 ||    11
 Stab: Paralysed         |       |       |       |       |       |     2 ||     2
  Eat: Chunk             |     2 |     2 |    19 |    21 |    38 |     7 ||    89
       Ration            |       |     1 |       |     6 |     7 |     9 ||    23
Armor: Animal skin       |    17 |       |       |       |       |       ||    17
       Ring mail         |    13 |    20 |       |       |       |       ||    33
       Plate armour      |       |    38 |   227 |   370 |   521 |    15 ||  1171
       Chain mail        |       |     8 |       |       |       |       ||     8
       Skin              |       |       |     8 |       |       |       ||     8
       Fire dragon scale |       |       |       |       |       |   270 ||   270
Dodge: Dodged            |    50 |    43 |   125 |   224 |   436 |   484 ||  1362
Block: Buckler           |       |       |       |       |    56 |       ||    56

Table legend:
 A = Spawn XP
 B = Non-spawn XP
 C = Spawn XP percentage of total XP
 D = Spawn monster count
 E = Non-spawn monster count
 F = Spawn count percentage of total count
 G = Total turns spent on level
                    A         B        C        D         E        F      G
               +---------+---------+-------+---------+---------+-------+---------
         Total |    4060 |  241119 |   1.7 |      13 |    1061 |   1.2 | 31720
               +---------+---------+-------+---------+---------+-------+---------
           D:1 |       0 |      37 |   0.0 |       0 |      20 |   0.0 |  1031
           D:2 |       0 |      59 |   0.0 |       0 |      17 |   0.0 |   479
           D:3 |       0 |     129 |   0.0 |       0 |      26 |   0.0 |   610
           D:4 |       0 |     653 |   0.0 |       0 |      22 |   0.0 |   890
           D:5 |       0 |     940 |   0.0 |       0 |      28 |   0.0 |   865
           D:6 |       0 |    1280 |   0.0 |       0 |      33 |   0.0 |   756
           D:7 |       0 |    1537 |   0.0 |       0 |      28 |   0.0 |   837
           D:8 |       0 |    1803 |   0.0 |       0 |      24 |   0.0 |   910
           D:9 |       0 |    2613 |   0.0 |       0 |      26 |   0.0 |  1260
          D:10 |       0 |    1189 |   0.0 |       0 |      13 |   0.0 |   540
          D:11 |       0 |    8946 |   0.0 |       0 |      57 |   0.0 |  1239
          D:12 |       0 |    4386 |   0.0 |       0 |      31 |   0.0 |   677
          D:13 |       0 |    3655 |   0.0 |       0 |      13 |   0.0 |   585
          D:14 |       0 |   17190 |   0.0 |       0 |      32 |   0.0 |  1277
          D:15 |       0 |   18287 |   0.0 |       0 |      49 |   0.0 |  1584
        Lair:1 |       0 |    4935 |   0.0 |       0 |      17 |   0.0 |  1000
        Lair:2 |       0 |   10176 |   0.0 |       0 |      47 |   0.0 |  1351
        Lair:3 |       0 |    5740 |   0.0 |       0 |      19 |   0.0 |   944
        Lair:4 |       0 |    6525 |   0.0 |       0 |      21 |   0.0 |   800
        Lair:5 |       0 |    4364 |   0.0 |       0 |      22 |   0.0 |   829
        Lair:6 |       0 |   27357 |   0.0 |       0 |     101 |   0.0 |  1962
       Swamp:1 |       0 |   10340 |   0.0 |       0 |      21 |   0.0 |  1424
       Swamp:2 |       0 |   11845 |   0.0 |       0 |      29 |   0.0 |   945
       Swamp:3 |       0 |   10317 |   0.0 |       0 |      28 |   0.0 |  1369
       Swamp:4 |       0 |   29799 |   0.0 |       0 |      55 |   0.0 |  1167
      Spider:1 |       0 |    8729 |   0.0 |       0 |      34 |   0.0 |   424
      Spider:2 |       0 |    6610 |   0.0 |       0 |      17 |   0.0 |   177
         Orc:1 |       0 |    2781 |   0.0 |       0 |      34 |   0.0 |   907
         Orc:2 |       0 |   10522 |   0.0 |       0 |      64 |   0.0 |  1289
       Abyss:1 |     985 |    1322 |  42.7 |       4 |       1 |  80.0 |   432
       Abyss:3 |    3075 |    8206 |  27.3 |       9 |      12 |  42.9 |   414
           Lab |       0 |    2667 |   0.0 |       0 |       7 |   0.0 |   466
         Sewer |       0 |     735 |   0.0 |       0 |      28 |   0.0 |   842
        Bailey |       0 |    1214 |   0.0 |       0 |      30 |   0.0 |   621
         IceCv |       0 |   14231 |   0.0 |       0 |      55 |   0.0 |   817
               +---------+---------+-------+---------+---------+-------+---------

Vault maps used:
D:1:      ldierk_water_garden
D:2:      lemuel_another_geyser
D:3:      ashenzari_conservatory_becter, mrwooster_statue_mirror,
          palyth_stone_intersect
D:4:      old_standard_altar, kiku_gazebo_pond_becter,
          minmay_temple_entry_from_below_b, first_ration
D:5:      grunt_ministairs_8, uniq_ijyb
D:6:      lemuel_doored_altar, kennysheep_mini_moat, gup_sewer_entry_pipe,
          uniq_blork_the_orc, uniq_duvessa, uniq_prince_ribbit1, uniq_grinder
D:7:      old_standard_altar, gammafunk_temple_overflow_arena
D:9:      grunt_ogre_cave, minivault_24, disabler_island
D:10:     enter_bailey_2
D:11:     lair_entry_dummy, hiddenorc1_lemuel, serial_shops, shop,
          nicolae_ru_awakened_eye, uniq_josephine, uniq_grum, uniq_psyche
D:12:     serial_shops, shop, lab_entry_generic, bh_hangedman_babel_library
D:14:     grunt_vaults_entry_fortified, cheibriados_altar_1, uniq_roxanne
D:15:     gammafunk_enter_depths_forms, portal_ice_cave_entry_imps,
          minmay_misc_feat_four_crosses, columned_hall_lemuel
Lair:1:   minmay_lair_oklob_chamber, grunt_megastairs_4, uniq_fannar
Lair:2:   minmay_swamp_entry_worms, spider_nest_entry_web_field,
          patterned_corridor
Lair:3:   serial_bayou_shore_a
Lair:4:   bobbens_ice_dragon_lair
Lair:6:   minmay_lair_end_frog_pond, slime_altar_1, lemuel_fruit_fields,
          infiniplex_staircase_pool_2, serial_bayou_shore_b
Swamp:1:  evilmike_swamp_ruin_house_5, grunt_witch_cave
Swamp:2:  serial_swamp_ruin, evilmike_swamp_ruin_rubble_1,
          evilmike_swamp_ruin_house_2, evilmike_swamp_ruin_house_3
Swamp:3:  nicolae_swamp_round_clearing
Swamp:4:  swamp, swamp_pool5, hangedman_swamp_ruin_wall, nicolae_swamp_treefoil
Spider:2: uniq_nikola
Orc:1:    serial_shops, shop_fountains
Orc:2:    st_orc_mages, serial_shops, shop, uniq_nessos
Abyss:3:  evilmike_abyss_exit_mutagenic
Lab:      labyrinth_hidden_loot, labyrinth_skeletal_remains,
          nicolae_lab_do_over, lab_block, nicolae_lab_diamond, lab_fountain,
          nicolae_lab_checkerboard, nicolae_lab_arrow, nicolae_lab_starburst
Sewer:    sewer_co_tree
Bailey:   bailey_polearm_gnolls_kennysheep, bailey
IceCv:    ice_cave_caverns_01

Table legend:
 A = Turns spent in this place as a percentage of turns spent in the entire game.
 B = Non-inter-level travel turns spent in this place as a percentage of non-inter-level travel turns spent in the entire game.
 C = Inter-level travel turns spent in this place as a percentage of turns spent in this place.
 D = Turns resting spent in this place as a percentage of non-inter-level travel turns spent in this place.
 E = Turns spent auto-exploring this place as a percentage of non-inter-level travel turns spent in this place.
 F = Non-inter-level travel turns spent in this place divided by the number of levels of this place that you've seen.
                   A       B       C       D       E      F
               +-------+-------+-------+-------+-------+----------------------
         Total | 100.0 | 100.0 |   4.1 |  14.7 |  61.7 | 869.1
       Dungeon |  42.7 |  42.1 |   5.3 |   7.0 |  71.4 | 854.4
          Lair |  21.7 |  21.7 |   4.0 |  10.6 |  70.7 | 1102.3
         Swamp |  15.5 |  15.5 |   4.2 |  30.3 |  50.0 | 1175.0
   Spider Nest |   1.9 |   1.9 |   3.2 |   1.0 |  72.9 | 291.0
  Orcish Mines |   6.9 |   7.0 |   3.7 |  31.5 |  50.2 | 1057.5
         Abyss |   2.7 |   2.8 |   0.0 |   0.0 |  12.8 | 423.0
     Labyrinth |   1.5 |   1.5 |   0.0 |  44.6 |   0.0 | 466.0
         Sewer |   2.7 |   2.8 |   0.0 |  30.2 |  46.7 | 842.0
        Bailey |   2.0 |   2.0 |   0.0 |  22.5 |  46.1 | 621.0
      Ice Cave |   2.6 |   2.7 |   0.0 |  20.4 |  39.5 | 817.0
               +-------+-------+-------+-------+-------+----------------------

Table legend:
 A = Kills in this place as a percentage of kills in entire the game.
 B = Kills by you in this place as a percentage of kills by you in the entire game.
 C = Kills by friends in this place as a percentage of kills by friends in the entire game.
 D = Other kills in this place as a percentage of other kills in the entire game.
 E = Experience gained in this place as a percentage of experience gained in the entire game.
 F = Experience gained in this place divided by the number of levels of this place that you have seen.
                   A       B       C       D       E      F
               +-------+-------+-------+-------+-------+----------------------
         Total | 100.0 | 100.0 | 100.0 | 100.0 | 100.0 | 7005.1
       Dungeon |  39.0 |  39.3 |   0.0 |   0.0 |  25.6 | 4180.3
          Lair |  21.1 |  20.8 |  85.7 |   0.0 |  24.1 | 9849.5
         Swamp |  12.4 |  12.3 |  14.3 |  50.0 |  25.4 | 15575.2
   Spider Nest |   4.7 |   4.7 |   0.0 |  50.0 |   6.3 | 7669.5
  Orcish Mines |   9.1 |   9.2 |   0.0 |   0.0 |   5.4 | 6651.5
         Abyss |   2.4 |   2.4 |   0.0 |   0.0 |   5.5 | 6794.0
     Labyrinth |   0.7 |   0.7 |   0.0 |   0.0 |   1.1 | 2667.0
         Sewer |   2.6 |   2.6 |   0.0 |   0.0 |   0.3 | 735.0
        Bailey |   2.8 |   2.8 |   0.0 |   0.0 |   0.5 | 1214.0
      Ice Cave |   5.1 |   5.2 |   0.0 |   0.0 |   5.8 | 14231.0
               +-------+-------+-------+-------+-------+----------------------
